 Seeded DCSS version 0.27.1-2-g3b301248ec (webtiles) character file.

Game seed: 17979796883088392625 (custom seed)

219 babuloseo the Shooter (level 6, -1/46 HPs)
             Began as a Human Hunter on Sept 26, 2021.
             Was a Believer of Lugonu.
             Slain by a two-headed ogre (17 damage)
             ... on level 4 of the Dungeon.
             The game lasted 00:03:15 (2733 turns).

babuloseo the Shooter (Human Hunter)                Turns: 2733, Time: 00:03:17

Health: -1/46      AC:  3    Str: 15    XL:     6   Next: 17%
Magic:  6/6        EV: 12    Int: 11    God:    Lugonu [**....]
Gold:   95         SH:  0    Dex: 13    Spells: 5/5 levels left

rFire    + . .     SeeInvis .   a - +1 shortbow
rCold    x . .     Faith    .   (shield currently unavailable)
rNeg     . . .     Spirit   .   c - +0 leather armour
rPois    .         Reflect  .   (no helmet)
rElec    .         Harm     .   (no cloak)
rCorr    .         Rampage  .   (no gloves)
Will     .....                  (no boots)
Stlth    +.........             h - amulet of regeneration
HPRegen  1.15/turn              j - +4 ring of slaying
MPRegen  0.10/turn              m - ring of fire

@: no status effects
A: no striking features
a: Renounce Religion, Depart the Abyss, Bend Space


You were on level 4 of the Dungeon.
You worshipped Lugonu.
Lugonu was pleased with you.
You visited 1 branch of the dungeon, and saw 4 of its levels.

You collected 95 gold pieces.

Inventory:

Hand Weapons
 a - a +1 shortbow (weapon)
 b - a +0 short sword
 g - a +2 dagger of venom
Missiles
 d - 39 arrows (quivered ammo)
Armour
 c - a +0 leather armour (worn)
 s - a +0 plate armour
Jewellery
 h - an amulet of regeneration (around neck)
 j - a +4 ring of slaying (left hand)
 m - a ring of fire (right hand)
Wands
 k - a wand of mindburst (1)
Scrolls
 e - a scroll of enchant armour {unknown}
 l - a scroll of magic mapping {unknown}
 n - a scroll of teleportation {unknown}
 q - a scroll of noise {unknown}
 t - a scroll of enchant weapon {unknown}
Potions
 f - 2 potions of curing {unknown}
 i - 2 potions of invisibility {unknown}
 o - a potion of resistance {unknown}
 p - a potion of cancellation {unknown}
 r - a potion of might {unknown}


   Skills:
 + Level 2.5 Fighting
 - Level 0.7 Short Blades
 * Level 5.4 Bows
 + Level 2.5 Armour
 + Level 2.9 Dodging
 + Level 1.4 Stealth
 + Level 0.1 Evocations


You had 5 spell levels left.
You didn't know any spells.
Your spell library contained the following spells:

 Spells                   Type           Power      Damage    Failure   Level
 Static Discharge         Conj/Air       0%         N/A       54%         2
 Frozen Ramparts          Ice            0%         1d2       78%         3
 Dispel Undead            Necr           0%         3d6       99%         4
 Ice Form                 Ice/Tmut       0%         N/A       99%         4
 Sticky Flame             Conj/Fire      0%         2d3       99%         4
 Summon Ice Beast         Ice/Summ       0%         N/A       99%         4


Dungeon Overview and Level Annotations

Branches:
Dungeon (4/15)
 Temple: D:4-7

Altars:
Lugonu

Shops:
D:3 (:[[


Message History

Aiming: Mindburst
Press: ? - help, Shift-Dir - straight line, f - two-headed ogre
Aim: a two-headed ogre, wielding two +0 giant clubs (chance to affect: 48%)
The two-headed ogre resists with some effort.
Aiming: Mindburst
Press: ? - help, Shift-Dir - straight line, f/p - two-headed ogre
Aim: a two-headed ogre, wielding two +0 giant clubs (chance to affect: 48%)
The two-headed ogre resists with some effort.
Aiming: Mindburst
Press: ? - help, Shift-Dir - straight line, f/p - two-headed ogre
Aim: a two-headed ogre, wielding two +0 giant clubs (chance to affect: 48%)
The two-headed ogre resists with some effort.
Aiming: Mindburst
Press: ? - help, Shift-Dir - straight line, f/p - two-headed ogre
Aim: a two-headed ogre, wielding two +0 giant clubs (chance to affect: 48%)
The two-headed ogre resists with some effort.
Aiming: Mindburst
Press: ? - help, Shift-Dir - straight line, f/p - two-headed ogre
Aim: a two-headed ogre, wielding two +0 giant clubs (chance to affect: 48%)
The two-headed ogre resists with some effort.
The two-headed ogre closely misses you.
The two-headed ogre hits you with a +0 giant club!!
Aiming: Mindburst
Press: ? - help, Shift-Dir - straight line, f/p - two-headed ogre
Aim: a two-headed ogre, wielding two +0 giant clubs (chance to affect: 48%)
The two-headed ogre's minds are blasted!
The two-headed ogre misses you.
The two-headed ogre hits you with a +0 giant club!
* * * LOW HITPOINT WARNING * * *
Aiming: Mindburst
Press: ? - help, Shift-Dir - straight line, f/p - two-headed ogre
Aim: a two-headed ogre, wielding two +0 giant clubs (moderately wounded, chance to affect: 48%)
The two-headed ogre's minds are blasted!!
Aiming: Mindburst
Press: ? - help, Shift-Dir - straight line, f/p - two-headed ogre
Aim: a two-headed ogre, wielding two +0 giant clubs (severely wounded, chance to affect: 48%)
The two-headed ogre resists with some effort.
The two-headed ogre misses you.
The two-headed ogre hits you with a +0 giant club!
You die...

#.# ###.#####
#.......#
#.#.#####
#.#...## #
#.#..# #
#.##.## ###.#
....#8.8#.....#
#......@O.#
#####8.8###
##.## #.# #.#
#.# #.# #.


You could see a two-headed ogre.

Vanquished Creatures
  A black bear (D:4)
  An iguana (D:2)
  Ijyb (D:3)
  2 adders
  A dart slug (D:1)
  A worm (D:3)
  4 ball pythons
  5 endoplasms
  2 giant cockroaches
  12 goblins
  2 hobgoblins (D:1)
  2 jackals (D:1)
  3 bats
  6 frilled lizards
  7 kobolds
  6 rats (D:1)
56 creatures vanquished.

Notes
Turn   | Place    | Note
-------+----------+-------------------------------------------
     0 | D:1      | babuloseo the Human Hunter began the quest for the Orb.
     0 | D:1      | Reached XP level 1. HP: 16/16 MP: 1/1
   202 | D:1      | Reached XP level 2. HP: 8/22 MP: 2/2
   681 | D:1      | Reached XP level 3. HP: 27/27 MP: 3/3
   825 | D:1      | HP: 2/40 [poisoned by a goblin]
  1438 | D:2      | Reached XP level 4. HP: 14/33 MP: 4/4
  1526 | D:2      | Reached skill level 5 in Bows
  1696 | D:2      | Found a faded altar of an unknown god.
  1725 | D:2      | Became a worshipper of Lugonu the Unformed
  1725 | D:2      | Reached * piety under Lugonu
  1725 | D:2      | Reached ** piety under Lugonu
  1759 | D:2      | Reached skill level 1 in Armour
  1972 | D:3      | Found Naoreuss's Book Shoppe.
  2038 | D:3      | Found Boshruss's Antique Weapon Emporium.
  2052 | D:3      | Noticed Ijyb
  2064 | D:3      | HP: 1/33 [Ijyb (4)]
  2068 | D:3      | Killed Ijyb
  2069 | D:3      | Reached XP level 5. HP: 4/38 MP: 5/5
  2177 | D:3      | Found Ynoatz's Antique Armour Emporium.
  2280 | D:3      | Found Cuh Hufu's Antique Armour Emporium.
  2638 | D:4      | Noticed a black bear
  2641 | D:4      | Killed a black bear
  2642 | D:4      | Reached XP level 6. HP: 39/46 MP: 6/6
  2725 | D:4      | Noticed a two-headed ogre
  2733 | D:4      | Slain by a two-headed ogre

Illustrated notes

Levels and vault maps discovered:
D:1:      minmay_arrival_cross, layout_loops_ring
D:2:      layout_rooms, shapermc_ecumenical_altar_venn
D:3:      layout_basic, serial_shops, shop, nicolae_shop_behind_doors, shop,
          shop, uniq_ijyb
D:4:      minmay_octagon_keep, layout_loops_ring, ebering_ghost_reflecting_pool,
          small_statue_intersection

Skill      XL: |  1  2  3  4  5 |
---------------+----------------+-----
Bows           | 5 |  5.4
Armour         | 1 2 |  2.5
Fighting       | |  2.5
Short Blades   | |  0.7
Dodging        | |  2.9
Stealth        | |  1.4
Evocations     | |  0.1

Action                   |  1- 3 |  4- 6 || total
-------------------------+-------+-------++-------
Melee: Short sword       |    18 |       ||    18
       Dagger            |    32 |    71 ||   103
 Fire: Shortbow          |    45 |     7 ||    52
Evoke: Wand              |       |     9 ||     9
  Use: Potion            |     1 |       ||     1
Armor: Leather armour    |    14 |    14 ||    28
Dodge: Dodged            |    46 |    30 ||    76
